AoeStats
← old f1sh

Arabia

509573891Analyzed
1v1 RM · 4d ago on Sep 27, 2026· 21m 30s· 2 players
Game mode
Random Map
Map size
Tiny (2 player)
Population
200
Speed
Normal
Resources
Standard
Victory
Conquest
Starting age
Dark Age
Ending age
Imperial Age
RankedLock teamsTeams togetherTeam positionsShared explorationLock speedFull tech treeHidden civsTurbo modeCheats
Victory
Defeat
1649
+16
🇨🇳 Jurchens · China
1645
-16
old f1sh
6:37 Loom
8:49 Feudal Age
9:36 Double-Bit Axe
18:33 Castle Age
16:31 Horse Collar
17:13 Bloodlines
18:33 Scale Barding Armor
18:41 Forging
18:42 Light Cavalry
帝国时代火船乱玩
7:48 Loom
10:10 Feudal Age
14:25 Castle Age
13:45 Double-Bit Axe
16:48 Scale Mail Armor
18:34 Forging
22:18 Chain Mail Armor
Connection lost

Rejoining the realm…

Still unreachable

The connection could not be restored.

Session expired

The server has moved on; the page needs a fresh start.